 Dungeon Crawl Stone Soup version 0.24.0-13-gcf9b3192b9 (webtiles) character file.

Game seed: 4818796340185533442, levelgen mode: deterministic

191 Gumption the Grave Robber (level 6, 0/41 HPs)
             Began as a Human Necromancer on Nov 8, 2019.
             Slain by an ogre
             ... wielding a +0 giant club
              (7 damage)
             ... on level 3 of the Dungeon.
             The game lasted 00:28:23 (4444 turns).

Gumption the Grave Robber (Human Necromancer)       Turns: 4444, Time: 00:28:23

Health: 0/41       AC:  9    Str:  8    XL:     6   Next: 2%
Magic:  1/10       EV: 11    Int: 18    God:
Gold:   173        SH:  0    Dex: 13    Spells: 3/11 levels left

rFire    . . .     SeeInvis .   a - +0 dagger
rCold    . . .     Gourm    .   (no shield)
rNeg     . . .     Faith    .   m - +0 ring mail
rPois    .         Spirit   .   (no helmet)
rElec    .         Reflect  .   q - +2 cloak
rCorr    .         Harm     .   l - +0 pair of gloves
MR       .....                  (no boots)
Stlth    +.........             (no amulet)
HPRegen  0.13/turn              (no ring)
MPRegen  0.12/turn              (no ring)

@: very slightly contaminated
A: no striking features
a: no special abilities


You were on level 3 of the Dungeon.
You were not hungry.

You visited 1 branch of the dungeon, and saw 4 of its levels.

You collected 173 gold pieces.

Inventory:

Hand Weapons
 a - a +0 dagger (weapon)
 b - a +0 hunting sling
 w - a +4 dagger
Missiles
 k - 19 poisoned darts
 n - 70 stones
 o - 10 boomerangs (quivered)
Armour
 h - a +0 robe
 l - a +0 pair of gloves (worn)
 m - a +0 ring mail (worn)
 q - a +2 cloak (worn)
Wands
 v - a wand of polymorph (3)
Scrolls
 d - a scroll of amnesia
 e - a scroll of enchant armour {unknown}
 f - a scroll of immolation {unknown}
 g - a scroll of blinking {unknown}
 i - a scroll of remove curse {unknown}
 j - a scroll of random uselessness {unknown}
 s - a scroll of fear {unknown}
 x - a scroll of teleportation {unknown}
Potions
 p - a potion of brilliance
 r - a potion of magic
 u - a potion of heal wounds {unknown}
Comestibles
 c - 4 rations


   Skills:
 + Level 3.4 Dodging
 - Level 2.0 Stealth
 + Level 3.2 Spellcasting
 + Level 1.2 Charms
 * Level 5.1 Necromancy


You had 3 spell levels left.
You knew the following spells:

 Your Spells              Type           Power        Failure   Level  Hunger
a - Pain                  Necr           ###.         6%          1    None
b - Animate Skeleton      Necr           N/A          6%          1    None
c - Vampiric Draining     Necr           ###.......   19%         3    ###....
d - Regeneration          Chrm/Necr      ##........   36%         3    ###....

Your spell library contained the following spells:

 Spells                   Type           Power        Failure   Level  Hunger
 Animate Dead             Necr           N/A          52%         4    ####...


Dungeon Overview and Level Annotations

Branches:
Dungeon (4/15)
 Temple: D:4-7

Altars:
Ashenzari
Ru
Trog


Message History

Aiming: Vampiric Draining (safe; 19% risk of failure)
Press: ? - help, Shift-Dir - straight line, f/p - ogre
Aim: an ogre, wielding a +0 giant club (moderately wounded)
The ogre is heavily wounded.
You feel life coursing into your body.
Casting: Vampiric Draining (safe; 19% risk of failure)
Confirm with . or Enter, or press ? or * to list all spells.
Aiming: Vampiric Draining (safe; 19% risk of failure)
Press: ? - help, Shift-Dir - straight line, f/p - ogre
Aim: an ogre, wielding a +0 giant club (heavily wounded)
The ogre is almost dead.
You feel life coursing into your body. The ogre barely misses you.
You hit the ogre but do no damage.
The ogre is almost dead.
The ogre hits you with a +0 giant club!
* * * LOW HITPOINT WARNING * * *
You barely miss the ogre.
The ogre is almost dead.
The ogre hits you with a +0 giant club!
You die...

## .## ..##
################### #..##
#..........#......# ##..##
#.>........#...[..# .##..#
#..........#......#
..##.#######.................#
...#..................#......#
...#.#######....@.......######
...########.....O......##
...'........####.#.#####
...'.######## #.#.# ...###
##.# ##.#.#### ...#
#..####.......# ...#
#.............# ..##
###...#........##
.######...###........#


You could see an ogre.

Vanquished Creatures
  An orc wizard (D:4)
  Terence (D:2)
  3 adders
  2 oozes
  2 worms (D:2)
  2 dart slugs
  2 leopard geckos (D:1)
  2 orcs (D:3)
  12 bats
  A giant cockroach (D:2)
  10 goblins
  4 hobgoblins
  7 kobolds
  A quokka (D:2)
  3 frilled lizards (D:1)
  6 rats
59 creatures vanquished.

Vanquished Creatures (collateral kills)
  An orc priest (D:4)
  2 orcs (D:4)
  A goblin (D:3)
  A bat (D:3)
  A frilled lizard (D:3)
6 creatures vanquished.

Grand Total: 65 creatures vanquished

Notes
Turn   | Place    | Note
-------+----------+-------------------------------------------
     0 | D:1      | Gumption the Human Necromancer began the quest for the Orb.
     0 | D:1      | Reached XP level 1. HP: 13/13 MP: 3/3
     2 | D:1      | Learned a level 1 spell: Animate Skeleton
   338 | D:1      | Reached XP level 2. HP: 18/19 MP: 3/5
  1242 | D:1      | Reached XP level 3. HP: 24/24 MP: 3/6
  1705 | D:1      | Learned a level 3 spell: Vampiric Draining
  2093 | D:2      | Noticed Terence
  2120 | D:2      | Killed Terence
  2120 | D:2      | Reached XP level 4. HP: 26/30 MP: 2/8
  2258 | D:2      | Learned a level 3 spell: Regeneration
  3186 | D:3      | Reached XP level 5. HP: 30/35 MP: 1/9
  3519 | D:3      | Found a shattered altar of Ashenzari.
  3550 | D:3      | Found a sacrificial altar of Ru.
  4148 | D:4      | Found a bloodstained altar of Trog.
  4169 | D:4      | Reached skill level 1 in Charms
  4169 | D:4      | Reached skill level 5 in Necromancy
  4179 | D:4      | Reached XP level 6. HP: 21/41 MP: 0/10
  4372 | D:4      | Noticed an ogre
  4444 | D:3      | Slain by an ogre

Levels and vault maps discovered:
D:1:      moated_graveyard_arrival, layout_basic
D:2:      layout_basic, uniq_terence
D:3:      layout_rooms, grunt_temple_overflow_open, kennysheep_big_empty_room
D:4:      layout_basic, old_standard_altar, old_standard_altar, first_ration,
          minivault_5, chequers_serial_rivers_large_a

Skill      XL: |  1  2  3  4  5 |
---------------+----------------+-----
Dodging        | 3 |  3.4
Spellcasting   | 3 |  3.2
Charms         | 1 |  1.2
Necromancy     | 5 |  5.1
Stealth        | |  2.0

Action                   |  1- 3 |  4- 6 || total
-------------------------+-------+-------++-------
Melee: Dagger            |       |    12 ||    12
 Fire: Hunting sling     |       |     2 ||     2
Throw: Stone             |     4 |       ||     4
       Boomerang         |       |     6 ||     6
 Cast: Pain              |    59 |    84 ||   143
       Animate Skeleton  |    14 |    12 ||    26
       Vampiric Draining |       |     2 ||     2
  Use: Scroll            |       |     4 ||     4
  Eat: Chunk             |     5 |     7 ||    12
Armor: Robe              |     1 |       ||     1
       Ring mail         |       |    13 ||    13
Dodge: Dodged            |    14 |    24 ||    38
